 Dungeon Crawl Stone Soup version 0.28-a0-1032-ga8db75c868 (webtiles) character file.

Game seed: 16841074395437950714

44 DrunkBamboolord the Skirmisher (level 3, -3/30 HPs)
             Began as a Demonspawn Abyssal Knight on Dec 7, 2021.
             Was a Follower of Lugonu.
             Killed by divine providence
             ... invoked by an orc priest
              (13 damage)
             ... on level 1 of the Dungeon.
             The game lasted 00:03:30 (1684 turns).

DrunkBamboolord the Skirmisher (DsAK)               Turns: 1684, Time: 00:03:31

Health: -3/30      AC:  7    Str: 15    XL:     3   Next: 41%
Magic:  5/5        EV: 11    Int: 11    God:    Lugonu [*.....]
Gold:   53         SH:  0    Dex: 19    Spells: 2/2 levels left

rFire   . . .      SeeInvis .   a - +1 falchion
rCold   . . .      Faith    .   (no shield)
rNeg    . . .      Spirit   .   b - +0 leather armour
rPois   .          Reflect  .   (no helmet)
rElec   .          Harm     .   g - +0 cloak
rCorr   .          Rampage  .   d - +0 pair of gloves
Will    .....                   e - +1 pair of boots
Stlth   +.........              (no amulet)
HPRegen 0.10/turn               h - +6 ring of dexterity
MPRegen 0.09/turn               (no ring)

@: no status effects
A: hooves 1
a: Renounce Religion, Depart the Abyss


You were on level 1 of the Dungeon.
You worshipped Lugonu.
Lugonu was aware of your devotion.
You visited 1 branch of the dungeon, and saw 2 of its levels.
You visited the Abyss 1 time.

You collected 53 gold pieces.

Inventory:

Hand Weapons
 a - a +1 falchion (weapon)
Armour
 b - a +0 leather armour (worn)
 d - a +0 pair of gloves (worn)
 e - a +1 pair of boots (worn)
 g - a +0 cloak (worn)
Jewellery
 f - an amulet of faith
 h - a +6 ring of dexterity (left hand)
Potions
 c - a potion of curing {unknown}


   Skills:
 * Level 3.8 Fighting
 * Level 2.2 Long Blades
 * Level 2.1 Armour
 - Level 0.8 Dodging
 * Level 2.7 Invocations


You had 2 spell levels left.
You didn't know any spells.
Your spell library was empty.

Dungeon Overview and Level Annotations

Branches:
Dungeon (2/15)

Altars:
The Shining One


Innate Abilities, Weirdness & Mutations

You have large cloven feet.


Message History

There is a stone staircase leading down here.
You start waiting.
Done waiting.
You climb downwards.
The orc priest barely misses you.
The orc priest mumbles some strange prayers to Beogh against you.
Beogh smites you!
There is a stone staircase leading up here.
The orc priest hits you but does no damage.
The orc priest looks encouraged for a moment.
You climb upwards.
There is a stone staircase leading down here.
You hit the orc priest.
The orc priest is lightly wounded.
The orc priest completely misses you.
You hit the orc priest.
The orc priest is moderately wounded.
The orc priest closely misses you. The orc priest hits you with a +0 mace.
You hit the orc priest.
The orc priest is severely wounded.
The orc priest closely misses you.
You hit the orc priest.
The orc priest is almost dead.
The orc priest hits you with a +0 mace.
You hit the orc priest but do no damage.
The orc priest is almost dead.
The orc priest closely misses you.
You closely miss the orc priest.
The orc priest is almost dead.
The orc priest hits you with a +0 mace.
You completely miss the orc priest.
The orc priest is almost dead.
The orc priest hits you but does no damage.
The orc priest hits you with a +0 mace.
* * * LOW HITPOINT WARNING * * *
Unknown command.
You hit the orc priest.
The orc priest is almost dead.
The orc priest calls down the wrath of Beogh upon you.
Beogh smites you!
You die...

##....#...# #######.##
#.(...########.........
##....#...#.[..........
#.#....#..##.#.#####.## ######
#..#....#.##.#.# #.# ≈≈≈≈≈##
#...#....###.#.# ##.## ≈≈≈≈≈≈#
#####....^##)#.# ##...#
≈°≈#≈≈# #...#o###......#
#..... ≈○°≈≈≈#
#..#..@).....### #....#
≈≈☼≈≈≈# #.#...###.##.# #.#.##
######### ##....#
#.##.#####.### <....+..#
###.####.##.##....#
#######.######.###..##.##.####
≈≈≈≈≈≈#................##.#
≈≈≈°≈≈##.#####.###.###.##.#
°≈≈#○≈##.# #.###.###.##.#
≈≈≈≈≈≈##.# #.........##.#


You could see an orc priest.

Vanquished Creatures
  2 adders (D:2)
  A dart slug (D:2)
  2 orcs (D:1)
  A bat (D:1)
  2 endoplasms (D:1)
  A giant cockroach (D:1)
  4 goblins (D:1)
  3 hobgoblins (D:1)
  A kobold (D:1)
  2 ball pythons
  2 frilled lizards (D:1)
21 creatures vanquished.

Notes
Turn   | Place    | Note
-------+----------+-------------------------------------------
     0 | Abyss:1  | DrunkBamboolord the Demonspawn Abyssal Knight began the
                  | quest for the Orb.
     0 | Abyss:1  | Reached XP level 1. HP: 18/18 MP: 2/2
    42 | Abyss:1  | Noticed an iron imp
    81 | Abyss:1  | Noticed a spatial maelstrom
    81 | Abyss:1  | Noticed a spatial vortex
    82 | Abyss:1  | Noticed a spatial vortex
    87 | D:1      | Escaped the Abyss
   436 | D:1      | Reached * piety under Lugonu
   437 | D:1      | Gained mutation: You have large cloven feet. [demonic
                  | ancestry]
   437 | D:1      | Reached XP level 2. HP: 20/24 MP: 3/3
  1244 | D:2      | Reached XP level 3. HP: 26/30 MP: 5/5
  1684 | D:1      | Killed from afar by an orc priest

Illustrated notes

Levels and vault maps discovered:
D:1:      saegor_arrival_miasma, layout_loops_ring,
          hangedman_decor_diamond_cutter, nrook_mini_backslash
D:2:      cheibrodos_pilgrimage, layout_loops_ring, basic_altar, uniq_sigmund

Skill      XL: |  1  2 |
---------------+-------+-----
Armour         | 2 |  2.1
Long Blades    | 2 |  2.2
Fighting       | |  3.8
Dodging        | |  0.8
Invocations    | |  2.7

Action                   || total
-------------------------++-------
Melee: Falchion          ||    91
Invok: Depart the Abyss  ||     1
  Use: Scroll            ||     4
Armor: Leather armour    ||    30
Dodge: Dodged            ||    68

Table legend: (Time is in decaauts)
 A = Elapsed time spent in this place.
 B = Non-inter-level travel time spent in this place.
 C = Inter-level travel time spent in this place.
 D = Time resting spent in this place.
 E = Time spent auto-exploring this place.
 F = Levels seen in this place.
 G = Mean time per level.
                   A        B        C        D        E       F      G
               +--------+--------+--------+--------+--------+-----+--------+
         Total |   1704 |   1683 |     21 |    162 |   1103 |   3 |  568.0 |
       Dungeon |   1617 |   1596 |     21 |    162 |   1070 |   2 |  808.5 |
         Abyss |     87 |     87 |      0 |      0 |     33 |   1 |   87.0 |
               +--------+--------+--------+--------+--------+-----+--------+

Top non-repeatable levels by time:
     D:1: 1220 daAuts
     D:2: 397 daAuts
 Abyss:1: 87 daAuts
